 Dungeon Crawl Stone Soup version 0.22.0-38-g04b72b8c25 (webtiles) character file.

72 AlolanVulpixel the Shooter (level 4, -4/33 HPs)
             Began as a Draconian Hunter on Aug 29, 2018.
             Was an Initiate of Hepliaklqana.
             Slain by a goblin
             ... wielding a +0 dagger
             ... led by Robin
              (7 damage)
             ... on level 2 of the Dungeon.
             The game lasted 00:06:45 (868 turns).

AlolanVulpixel the Shooter (Draconian Hunter)        Turns: 868, Time: 00:06:48

Health: -4/33      AC:  5    Str: 14    XL:     4   Next: 7%
Magic:  4/4        EV: 12    Int: 12    God:    Hepliaklqana [......]
Gold:   60         SH:  0    Dex: 12    Spells: 3/3 levels left

rFire    . . .     SeeInvis .   a - +1 shortbow
rCold    . . .     Gourm    .   (shield currently unavailable)
rNeg     . . .     Faith    .   (armour unavailable)
rPois    .         Spirit   .   (helmet restricted)
rElec    .         Reflect  .   (no cloak)
rCorr    .         Harm     .   (no gloves)
MR       .....                  (no boots)
Stlth    +.........             e - amulet of regeneration
HPRegen  0.51/turn              (no ring)
MPRegen  0.09/turn              (no ring)

@: marked
A: unfitting armour, reduced essence, cold-blooded, AC +5
a: Recall Ancestor, Ancestor Identity, Renounce Religion


You were on level 2 of the Dungeon.
You worshipped Hepliaklqana.
Hepliaklqana was noncommittal.
You were not hungry.

You visited 1 branch of the dungeon, and saw 2 of its levels.

You collected 60 gold pieces.

Inventory:

Hand Weapons
 a - a +1 shortbow (weapon)
 b - a +0 short sword
Missiles
 c - 7 arrows (quivered)
 g - 21 sling bullets
Jewellery
 e - an amulet of regeneration (around neck)
Wands
 k - a wand of polymorph (12)
Scrolls
 f - a scroll of remove curse
 h - a scroll of immolation
 i - 2 scrolls of identify {unknown}
 l - a scroll of amnesia {unknown}
 m - a scroll of random uselessness {unknown}
 n - a scroll of teleportation {unknown}
Potions
 j - a potion of berserk rage {unknown}
 o - a potion of heal wounds {unknown}
Comestibles
 d - 3 rations


   Skills:
 + Level 2.6 Fighting
 + Level 4.9 Bows
 + Level 1.9 Dodging
 + Level 0.8 Stealth


You had 3 spell levels left.
You didn't know any spells.
Your spell library was empty.

Dungeon Overview and Level Annotations

Branches:
Dungeon (2/15)

Altars:
Ashenzari
Cheibriados
Dithmenos
Hepliaklqana
Zin
The Shining One

Annotations:
D:2 Robin


Innate Abilities, Weirdness & Mutations

Your plain brown scales are hard. (AC +5)
You cannot fit into any form of body armour.
You are cold-blooded and may be slowed by cold attacks.
Your life essence is reduced to manifest your ancestor. (-10% HP)


Message History

The goblin goes into a battle-frenzy!
The goblin hits you but does no damage. The quokka skeleton barely misses you.
The goblin misses you.
Akiya barely misses the quokka skeleton.
The goblin hits you with a dagger.
* * * LOW HITPOINT WARNING * * *
The rat bites you but does no damage.
As you read the scroll labeled QUFICZ DUOTU, it crumbles to dust.
You feel blessed for a moment.
It was a scroll of remove curse.
The goblin hits you but does no damage.
The quokka skeleton completely misses you.
The goblin hits you but does no damage. x2; Akiya hits the quokka skeleton.
The goblin hits you but does no damage. The rat bites you but does no damage.
As you read the scroll labeled ZEBIMI BIKHY, it crumbles to dust.
The creatures around you are filled with an inner flame!
It was a scroll of immolation.
Robin hits Akiya with a mace.
The quokka skeleton misses you.
The goblin hits you but does no damage. x2
The goblin closely misses you.
Akiya hits Robin.
The goblin hits you with a dagger!
You die...

##########
#######........# .
.?............#
#.####..#.<.......######
........................
.......(...r#g##.##.####
.(...((..gRZ@g##........
#..(..)...#g#g...##.##.#
(....(.#..gg..##.# .#
.(.g........#....##.#
#.#(#...(...####....# g
#.#######.######..# #
#.##.###..###
#..#........#
#..#.##...#..#


You could see the friendly Akiya the ancestor (inner flame), Robin (inner
flame), a hobgoblin (inner flame), 5 goblins, a rat (inner flame) and a quokka
skeleton (inner flame).

Vanquished Creatures
  An adder (D:2)
  A worm (D:2)
  A dart slug (D:2)
  2 leopard geckos
  4 bats
  4 giant cockroaches
  7 goblins
  5 hobgoblins
  10 jackals
  A ball python (D:2)
  A frilled lizard (D:2)
  3 kobolds
  6 rats
46 creatures vanquished.

Vanquished Creatures (collateral kills)
  A goblin (D:2)
  A hobgoblin (D:2)
  A bat (D:2)
  A rat (D:2)
4 creatures vanquished.

Grand Total: 50 creatures vanquished

Notes
Turn   | Place    | Note
-------+----------+-------------------------------------------
     0 | D:1      | AlolanVulpixel the Draconian Hunter began the quest for the Orb.
     0 | D:1      | Reached XP level 1. HP: 17/17 MP: 1/1
   149 | D:1      | Reached skill level 4 in Bows
   150 | D:1      | Reached XP level 2. HP: 24/24 MP: 2/2
   565 | D:2      | Reached XP level 3. HP: 17/30 MP: 3/3
   579 | D:2      | Found a shattered altar of Ashenzari.
   594 | D:2      | Found a snail-covered altar of Cheibriados.
   609 | D:2      | Found a glowing golden altar of the Shining One.
   618 | D:2      | Found a shadowy altar of Dithmenos.
   622 | D:2      | Became a worshipper of Dithmenos the Shadowed
   691 | D:2      | Found a hazy altar of Hepliaklqana.
   702 | D:2      | Fell from the grace of Dithmenos
   702 | D:2      | Became a worshipper of Hepliaklqana the Forgotten
   749 | D:2      | Found a glowing silver altar of Zin.
   850 | D:2      | Noticed Robin
   859 | D:2      | Reached XP level 4. HP: 33/33 MP: 4/4
   868 | D:2      | Slain by a goblin

Skill      XL: |  1 |
---------------+----+-----
Bows           | 4 |  4.9
Fighting       | |  2.6
Dodging        | |  1.9
Stealth        | |  0.8

Action                   |  1- 3 |  4- 6 || total
-------------------------+-------+-------++-------
Melee: Shortbow          |       |     3 ||     3
       Tailslap          |       |     1 ||     1
 Fire: Shortbow          |   121 |     3 ||   124
Evoke: Wand              |       |     1 ||     1
  Use: Scroll            |       |     2 ||     2
Armor: Skin              |    22 |    15 ||    37
Dodge: Dodged            |    33 |    18 ||    51
